AoeStats
← Eugenius

Oasis

508777651Analyzed
4v4 RM · 10d ago on Sep 24, 2026· 14m 55s· 8 players
Game mode
Random Map
Map size
Large (8 player)
Population
200
Speed
Normal
Resources
Standard
Victory
Conquest
Starting age
Dark Age
Ending age
Imperial Age
RankedLock teamsTeams togetherTeam positionsShared explorationLock speedFull tech treeHidden civsTurbo modeCheats
Victory
Defeat
🇨🇦 Britons · Canada
2058
+7
🇺🇸 Teutons · United States
2018
+8
🇷🇺 Bohemians · Russia
1886
+13
🇨🇦 Persians · Canada
1886
+13
🇺🇸 Vietnamese · United States
1962
-14
🇦🇷 Saxons · Argentina
1873
-12
🇺🇸 Lithuanians · United States
1753
-8
🇦🇷 Georgians · Argentina
1717
-7
Grinchy
5:20 Loom
8:33 Feudal Age
9:32 Double-Bit Axe
9:28 Horse Collar
OS+ | Tiggerr
3:46 Loom
IamChristopher
5:55 Loom
8:02 Feudal Age
8:58 Double-Bit Axe
9:47 Horse Collar
15:37 Wheelbarrow
Eugenius
6:26 Loom
9:03 Feudal Age
9:49 Double-Bit Axe
14:28 Fletching
[SotC] Klovn
4:41 Loom
9:12 Feudal Age
13:57 Wheelbarrow
Gary_zZ
6:29 Loom
8:50 Feudal Age
9:51 Town Watch
10:03 Double-Bit Axe
10:28 Horse Collar
Varrus
2:31 Loom
Bel
7:24 Loom
10:03 Feudal Age
11:37 Double-Bit Axe
13:14 Fletching
Connection lost

Rejoining the realm…

Still unreachable

The connection could not be restored.

Session expired

The server has moved on; the page needs a fresh start.